 Dungeon Crawl Stone Soup version 0.22-a0-348-gd16d139 (webtiles) character file.

93 Amnesiac the Cutter (level 4, -2/23 HPs)
             Began as a Vine Stalker Gladiator on Apr 9, 2018.
             Killed by divine providence
             ... invoked by an orc priest
              (8 damage)
             ... on level 3 of the Dungeon.
             The game lasted 00:01:22 (1500 turns).

Amnesiac the Cutter (Vine Stalker Gladiator)        Turns: 1500, Time: 00:01:22

Health: -2/23      AC:  6    Str: 18    XL:     4   Next: 61%
Magic:  0/5        EV: 12    Int:  8    God:
Gold:   137        SH:  0    Dex: 15    Spells: 3/3 levels left

rFire    . . .     SeeInvis .   a - +0 rapier
rCold    . . .     Gourm    .   (no shield)
rNeg     . . .     Faith    .   m - +0 ring mail
rPois    .         Spirit   +   c - +0 helmet
rElec    .         Reflect  .   (no cloak)
rCorr    .         Harm     .   (no gloves)
MR       .....                  (no boots)
Stlth    +.........             (no amulet)
HPRegen  0.47/turn              (no ring)
MPRegen  0.09/turn              (no ring)

@: no status effects
A: fangs 2, regeneration 1, magic shield, antimagic bite, no potion heal 3, rot
immunity
a: no special abilities


You were on level 3 of the Dungeon.
You were not hungry.

You visited 1 branch of the dungeon, and saw 3 of its levels.

You collected 137 gold pieces.

Inventory:

Hand Weapons
 a - a +0 rapier (weapon)
Missiles
 d - 3 throwing nets (quivered)
Armour
 c - a +0 helmet (worn)
 m - a +0 ring mail (worn)
Scrolls
 e - a scroll of magic mapping {!r, unknown}
 h - 3 scrolls of identify {!r, unknown}
 i - a scroll of amnesia {!r, unknown}
 k - a scroll of enchant weapon {!r, unknown}
Potions
 b - a potion of brilliance {!q, unknown}
 g - 4 potions of might {!q, unknown}
 j - 3 potions of heal wounds {!q, unknown}
 n - a potion of berserk rage {!q, unknown}
 o - a potion of lignification {!q, unknown}
 p - a potion of degeneration {!q, unknown}
Comestibles
 f - 3 rations
 l - 2 chunks of flesh


   Skills:
 - Level 1.7 Fighting
 + Level 4.7 Short Blades
 - Level 1.7 Throwing
 - Level 2.4 Dodging


You had 3 spell levels left.
You didn't know any spells.

Dungeon Overview and Level Annotations

Branches:
Dungeon (3/15)

Altars:
Cheibriados


Innate Abilities, Weirdness & Mutations

You have extremely sharp teeth.
Your natural rate of healing is unusually fast.
When hurt, damage is shared between your health and your magic reserves.
Your bite disrupts and absorbs the magic of your enemies.
Potions cannot restore your health.
You are immune to rotting.


Message History

No target in view!
A dart slug comes into view.
No reachable target in view!
A dart slug is nearby!
No reachable target in view!
A dart slug is nearby!
No reachable target in view!
No reachable target in view!
No reachable target in view!
Found a snail-covered altar of Cheibriados.
You enter the shallow water.
Moving in this stuff is going to be slow.
The dart slug launches a dart at you. The slug dart misses you.
The dart slug misses you. Why would you want to do that?
Your unstable footing causes you to fumble your attack.
The dart slug splashes around in the water.
Your unstable footing causes you to fumble your attack.
The dart slug closely misses you.
Your unstable footing causes you to fumble your attack.
You barely miss the dart slug. You bite the dart slug. You drain its power.
The dart slug is heavily wounded.
The dart slug barely misses you.
Your unstable footing causes you to fumble your attack.
The dart slug splashes around in the water.
There is a snail-covered altar of Cheibriados here.
You hit the dart slug but do no damage.
The dart slug is heavily wounded.
You hit the dart slug. You bite the dart slug. You drain its power.
The dart slug is severely wounded.
The dart slug bites you but does no damage.
You puncture the dart slug!
You kill the dart slug!
No target in view!
You enter the shallow water.
Moving in this stuff is going to be slow.
Found a stone staircase leading up.
No target in view! 2 orcs and an orc priest come into view.
The orc shouts!
The orc priest shouts!
You hear a shout!
The orc priest invokes the aid of Beogh against you.
Beogh smites you!
You hear a shout!
The orc closely misses you.
An orc comes into view. It is wielding a mace.
There is a stone staircase leading up here.
There are monsters nearby!
You barely miss the orc. The orc misses you.
There are monsters nearby!
You barely miss the orc.
The orc priest calls down the wrath of Beogh upon you.
Beogh smites you!
* * * LOW HITPOINT WARNING * * *
The orc hits you with a club.
You puncture the orc!
You kill the orc!
Okay, then.
You barely miss the orc priest. You bite the orc priest. You drain its power.
You feel invigorated.
The orc priest is moderately wounded.
The orc priest invokes the aid of Beogh against you.
Beogh smites you!
You die...

#######. ##.≈≈≈##.###
##.≈≈≈≈≈##..#
.#..≈≈.≈≈_##.##
.#..≈≈≈≈≈###..#######
.....≈≈≈.............
##....#######.#######
##..### #...$# .....#
####@# .###.# #o# ##
... #o# ###. #o# .#
#.# # #.. ##. . .


You could see an orc priest and 2 orcs.

Vanquished Creatures
  A howler monkey (D:2)
  A worm (D:2)
  3 dart slugs
  2 leopard geckos
  2 orcs (D:3)
  3 bats (D:2)
  A giant cockroach (D:2)
  2 goblins (D:1)
  6 hobgoblins
  7 jackals (D:2)
  2 frilled lizards (D:2)
  3 kobolds (D:2)
  7 rats
40 creatures vanquished.

Notes
Turn   | Place    | Note
-------+----------+-------------------------------------------
     0 | D:1      | Amnesiac the Vine Stalker Gladiator began the quest for the Orb.
     0 | D:1      | Reached XP level 1. HP: 11/11 MP: 2/2
    73 | D:1      | Reached skill level 3 in Short Blades
    79 | D:1      | Reached XP level 2. HP: 1/15 MP: 0/3
   996 | D:2      | Reached XP level 3. HP: 12/18 MP: 4/4
  1128 | D:2      | Reached skill level 4 in Short Blades
  1371 | D:2      | Gained mutation: Your natural rate of healing is unusually fast. [Vine Stalker growth]
  1371 | D:2      | Reached XP level 4. HP: 14/23 MP: 3/5
  1468 | D:3      | Found a snail-covered altar of Cheibriados.
  1500 | D:3      | Killed from afar by an orc priest

Vault maps used:
D:1:      lightli_arrival_chessboard
D:2:      serial_glass, glass_columns_c, glass_columns_a,
          minmay_misc_feat_four_crosses
D:3:      kennysheep_slug_shrine, supply_closet_lemuel

Skill      XL: |  1  2  3 |
---------------+----------+-----
Short Blades   | 3 4 |  4.7
Fighting       | |  1.7
Throwing       | |  1.7
Dodging        | |  2.4

Action                   |  1- 3 |  4- 6 || total
-------------------------+-------+-------++-------
Melee: Rapier            |    91 |    19 ||   110
       Bite              |    23 |     6 ||    29
 Stab: Sleeping          |     1 |       ||     1
  Eat: Chunk             |     1 |     1 ||     2
Armor: Leather armour    |    26 |       ||    26
       Ring mail         |     4 |     1 ||     5
Dodge: Dodged            |    62 |    10 ||    72

Table legend:
 A = Spawn XP
 B = Non-spawn XP
 C = Spawn XP percentage of total XP
 D = Spawn monster count
 E = Non-spawn monster count
 F = Spawn count percentage of total count
 G = Total turns spent on level
                    A         B        C        D         E        F      G
               +---------+---------+-------+---------+---------+-------+---------
         Total |       0 |     133 |   0.0 |       0 |      40 |   0.0 |  1500
               +---------+---------+-------+---------+---------+-------+---------
           D:1 |       0 |      21 |   0.0 |       0 |      11 |   0.0 |   880
           D:2 |       0 |     102 |   0.0 |       0 |      26 |   0.0 |   569
           D:3 |       0 |      10 |   0.0 |       0 |       3 |   0.0 |    51
               +---------+---------+-------+---------+---------+-------+---------
